Rangers vs Blackhawks

Created - April 8, 2019 at 19:01

Goals
1 2 3 T
Rangers 0 0 3 3
Blackhawks 2 2 1 5
Shots
1 2 3 T
Rangers 7 6 6 19
Blackhawks 13 8 8 29

1st period

1. Blackhawks , Rick Nash 38 (Antoine Roussel 38, Derick Brassard 59) at 1:51
2. Blackhawks , Cam Janssen 4 (Tomas Fleischmann 8, Peter Regin 16) at 19:52

Penalties :
Tyler Johnson (Chi) for Hooking (Minor) at 2:15, Alex Tanguay (NYR) for Cross-checking (Minor) at 9:24

2nd period

3. Blackhawks , Tyler Johnson 20 (Chris Kreider 27) at 2:36
4. Blackhawks , Antoine Roussel 21 (Derick Brassard 60) at 16:42

Penalties :
Chris Kreider (Chi) for High sticking (Minor) at 8:59, Lasse Kukkonen (Chi) for Hooking (Minor) at 13:01, Rick Nash (Chi) for Hooking (Minor) at 19:59

3rd period

5. Rangers , Chris Bourque 12 (Cam Barker 29, Matt Read 24) at 14:38
6. Blackhawks , Tyler Johnson 21 (Chris Kreider 28, Mike Green 30) at 14:56
7. Rangers , Milan Lucic 32 (Patrice Bergeron 44) at 16:09
8. Rangers , Chris Bourque 13 (James Neal 23, Luke Schenn 44) at 17:14

Penalties :
Daniel Cleary (Chi) for Roughing (Double Minor) at 10:19, Chris Kreider (Chi) for Hooking (Minor) at 18:05

Goalie Stats

Frederik Andersen (NYR), 24 saves from 29 shots - (0.828), L, 25-25-6, 60:00 minutes
Jimmy Howard (Chi), 16 saves from 19 shots - (0.842), W, 24-27-4, 60:00 minutes

Players Stats for Rangers

Player Name              G  A  P  +/- PIM S  H  SB GA TA FO     MP     PP MP  PK MP  
------------------------------------------------------------------------------------
Alex Tanguay             0  0  0  -3  2   0  3  0  0  1  1/1    19:21   5:42   0:00 
Alexei Emelin            0  0  0   1  0   0  0  0  0  0  0/0    12:06   0:00   0:00 
Artem Anisimov           0  0  0   0  0   0  0  0  0  0  0/2     7:34   0:00   0:00 
Cam Barker               0  1  1  -2  0   0  0  4  1  1  0/0    27:37   7:22   1:29 
Chris Bourque            2  0  2   1  0   6  0  1  0  0  0/0    13:00   0:28   0:39 
Colten Teubert           0  0  0   1  0   0  0  0  0  0  0/0    11:46   0:00   0:00 
Gustav Nyquist           0  0  0   0  0   1  0  0  0  0  0/1    10:29   0:20   0:38 
Jakob Silfverberg        0  0  0   0  0   2  2  2  0  1  0/0    21:13   7:39   0:59 
James Neal               0  1  1  -3  0   1  0  1  0  1  0/0    18:47   5:42   0:00 
Luke Schenn              0  1  1  -2  0   0  2  1  0  1  0/0    25:00   7:22   1:29 
Mark Fistric             0  0  0  -1  0   0  1  1  0  0  0/0    20:32   6:27   0:30 
Matt Read                0  1  1   1  0   1  2  0  0  1  1/1    12:39   0:42   0:00 
Milan Lucic              1  0  1   0  0   5  1  1  0  0  0/3    24:31   7:33   0:58 
Patrice Bergeron         0  1  1   0  0   1  1  0  0  0  12/24  20:38   7:39   0:44 
Patrik Nemeth            0  0  0   0  0   0  0  0  0  0  0/0     2:42   0:00   0:00 
Ryan Suter               0  0  0  -1  0   1  1  2  0  0  0/0    20:32   6:27   0:30 
Sean Couturier           0  0  0   1  0   1  1  0  0  0  3/4    10:58   0:00   0:00 
Stephen Weiss            0  0  0  -3  0   0  1  0  1  0  3/12   18:35   5:42   0:00 

Players Stats for Blackhawks

Player Name              G  A  P  +/- PIM S  H  SB GA TA FO     MP     PP MP  PK MP  
------------------------------------------------------------------------------------
Antoine Roussel          1  1  2   2  0   2  2  1  0  0  1/3    17:11   1:03   3:54 
Bobby Ryan               0  0  0   2  0   2  1  0  0  0  0/0    12:24   0:56   0:00 
Cam Janssen              1  0  1   0  0   2  1  0  0  0  0/3    14:35   0:00   2:47 
Carl Hagelin             0  0  0  -2  0   2  2  0  0  0  0/0     7:56   0:00   0:00 
Chris Kreider            0  2  2   2  4   0  0  0  1  0  0/0    14:04   0:56   1:42 
Dalton Prout             0  0  0   1  0   0  0  0  0  0  0/0    10:25   0:00   0:00 
Daniel Cleary            0  0  0  -2  4   0  0  0  0  0  0/0     8:03   0:00   0:00 
Denis Grebeshkov         0  0  0   2  0   4  5  0  2  0  0/0    28:23   1:19   8:48 
Derick Brassard          0  2  2   2  0   3  2  0  0  0  10/15  22:29   1:03   7:58 
Hampus Lindholm          0  0  0   1  0   0  0  1  0  0  0/0    10:47   0:00   0:22 
Kevin Marshall           0  0  0  -1  0   0  1  2  0  1  0/0    21:12   0:40   5:01 
Lasse Kukkonen           0  0  0  -1  2   1  0  0  0  0  0/0    21:10   0:40   4:39 
Mike Green               0  1  1   2  0   1  2  1  1  0  0/0    28:23   1:19   8:48 
Peter Regin              0  1  1   0  0   0  1  0  1  0  2/5    11:03   0:00   0:00 
Rick Nash                1  0  1   2  2   7  5  0  0  0  7/11   21:57   1:03   6:46 
Tomas Fleischmann        0  1  1   0  0   0  1  0  1  1  0/0    11:32   0:00   0:19 
Tyler Johnson            2  0  2   2  2   3  3  0  0  0  7/9    16:14   0:56   3:51 
Zac Rinaldo              0  0  0  -2  0   2  3  0  0  0  1/2     8:17   0:00   0:21 

3 Stars

1 - Tyler Johnson (Chi)
2 - Antoine Roussel (Chi)
3 - Chris Bourque (NYR)

Power Play

Rangers - 0 on 7 Attempt(s) - 0.00%
Blackhawks - 0 on 1 Attempt(s) - 0.00%

Penalty Kill

Rangers - 1 on 1 Attempt(s) - 100.00% - Score 0 goal in Penalty Kill
Blackhawks - 7 on 7 Attempt(s) - 100.00% - Score 0 goal in Penalty Kill

Team Stat

Rangers - Hits : 15 - Faceoff Wins : 20 - Blocked Shots : 13 - Penalty Minutes : 2
Blackhawks - Hits : 29 - Faceoff Wins : 28 - Blocked Shots : 5 - Penalty Minutes : 14

Official

Referees : Unknown
Linesman : Unknown

Game Notes

No Game Note

Finance

Level 1 -- Attendance: 4488 (74.80%) -- Ticket Income $439,824
Level 2 -- Attendance: 3444 (68.88%) -- Ticket Income $216,972
Level 3 -- Attendance: 1243 (62.15%) -- Ticket Income $52,206
Level 4 -- Attendance: 2434 (60.85%) -- Ticket Income $75,454
Luxury Box -- Attendance: 735 (73.50%) -- Ticket Income $130,830
Game was played at the Rexall Place.
Total Attendance: 12344 (68.58%)
Total Ticket Income: $915,286
Other Income: $137,293
Total Income: $1,052,579

Rangers

5 vs 5 Forward 
   Center                   Left Wing                Right Wing               Time % Phy DF OF 
 1 Patrice Bergeron         Milan Lucic              Jakob Silfverberg        40     1   2  2  
 2 Stephen Weiss            Alex Tanguay             James Neal               30     1   2  2  
 3 Sean Couturier           Chris Bourque            Matt Read                20     1   2  2  
 4 Artem Anisimov           Milan Lucic              Gustav Nyquist           10     1   2  2  

5 vs 5 Defense 
   Defense                  Defense                                           Time % Phy DF OF 
 1 Cam Barker               Luke Schenn                                       40     1   2  2  
 2 Mark Fistric             Ryan Suter                                        30     1   2  2  
 3 Alexei Emelin            Colten Teubert                                    20     1   2  2  
 4 Patrik Nemeth            Cam Barker                                        10     1   2  2  

PowerPlay Forward 
   Center                   Left Wing                Right Wing               Time % Phy DF OF 
 1 Patrice Bergeron         Milan Lucic              Jakob Silfverberg        60     1   2  2  
 2 Stephen Weiss            Alex Tanguay             James Neal               40     1   2  2  

PowerPlay Defense
   Defense                  Defense                                           Time % Phy DF OF 
 1 Cam Barker               Luke Schenn                                       60     1   2  2  
 2 Mark Fistric             Ryan Suter                                        40     1   2  2  

Penalty Kill 4 Players Forward 
   Center                   Wing                     Time % Phy DF OF 
 1 Milan Lucic              Jakob Silfverberg        60     1   2  2  
 2 Patrice Bergeron         Alex Tanguay             40     1   2  2  

Penalty Kill 4 Players Defense
   Defense                  Defense                  Time % Phy DF OF 
 1 Cam Barker               Luke Schenn              60     1   2  2  
 2 Mark Fistric             Ryan Suter               40     1   2  2  

Penalty Kill - 3 Players Forward 
   Forward                                           Time % Phy DF OF 
 1 Milan Lucic                                       60     1   2  2  
 2 Jakob Silfverberg                                 40     1   2  2  

Penalty Kill - 3 Players Defense
   Defense                  Defense                  Time % Phy DF OF 
 1 Cam Barker               Luke Schenn              60     1   2  2  
 2 Mark Fistric             Ryan Suter               40     1   2  2  

4 vs 4 Forward 
   Center                   Wing                     Time % Phy DF OF 
 1 Milan Lucic              Jakob Silfverberg        60     1   2  2  
 2 Patrice Bergeron         Alex Tanguay             40     1   2  2  

4 vs 4 Defense
   Defense                  Defense                  Time % Phy DF OF 
 1 Cam Barker               Luke Schenn              60     1   2  2  
 2 Mark Fistric             Ryan Suter               40     1   2  2  

Last Minutes Offensive
   Center                   Left Wing                Right Wing               Defense                  Defense                  
   Patrice Bergeron         Milan Lucic              Jakob Silfverberg        Cam Barker               Luke Schenn              

Last Minutes Defensive
   Center                   Left Wing                Right Wing               Defense                  Defense                  
   Patrice Bergeron         Milan Lucic              Jakob Silfverberg        Cam Barker               Luke Schenn              

Goaltenders
Starting : Frederik Andersen        
Backup : Braden Holtby            

Extra Forwards
Normal : Matt Read, Chris Bourque, Gustav Nyquist - PP : Matt Read, Chris Bourque - PK : Gustav Nyquist
Extra Defensemen
Normal : Alexei Emelin, Colten Teubert, Patrik Nemeth - PP : Alexei Emelin - PK : Colten Teubert, Patrik Nemeth
Penalty Shots
Milan Lucic, Jakob Silfverberg, Patrice Bergeron, Alex Tanguay, James Neal

Scratches
Matt Greene (Left Eye Injury), Kyle Okposo (Bruised Right Shoulder Injury)

Blackhawks

5 vs 5 Forward 
   Center                   Left Wing                Right Wing               Time % Phy DF OF 
 1 Derick Brassard          Antoine Roussel          Rick Nash                40     1   2  2  
 2 Tyler Johnson            Chris Kreider            Bobby Ryan               30     1   2  2  
 3 Peter Regin              Tomas Fleischmann        Cam Janssen              20     1   2  2  
 4 Zac Rinaldo              Carl Hagelin             Daniel Cleary            10     1   2  2  

5 vs 5 Defense 
   Defense                  Defense                                           Time % Phy DF OF 
 1 Mike Green               Denis Grebeshkov                                  40     1   2  2  
 2 Lasse Kukkonen           Kevin Marshall                                    30     1   2  2  
 3 Dalton Prout             Hampus Lindholm                                   20     1   2  2  
 4 Mike Green               Denis Grebeshkov                                  10     1   2  2  

PowerPlay Forward 
   Center                   Left Wing                Right Wing               Time % Phy DF OF 
 1 Derick Brassard          Antoine Roussel          Rick Nash                60     1   2  2  
 2 Tyler Johnson            Chris Kreider            Bobby Ryan               40     1   2  2  

PowerPlay Defense
   Defense                  Defense                                           Time % Phy DF OF 
 1 Mike Green               Denis Grebeshkov                                  60     1   2  2  
 2 Lasse Kukkonen           Kevin Marshall                                    40     1   2  2  

Penalty Kill 4 Players Forward 
   Center                   Wing                     Time % Phy DF OF 
 1 Rick Nash                Derick Brassard          60     1   2  2  
 2 Antoine Roussel          Tyler Johnson            40     1   2  2  

Penalty Kill 4 Players Defense
   Defense                  Defense                  Time % Phy DF OF 
 1 Mike Green               Denis Grebeshkov         60     1   2  2  
 2 Lasse Kukkonen           Kevin Marshall           40     1   2  2  

Penalty Kill - 3 Players Forward 
   Forward                                           Time % Phy DF OF 
 1 Rick Nash                                         60     1   2  2  
 2 Derick Brassard                                   40     1   2  2  

Penalty Kill - 3 Players Defense
   Defense                  Defense                  Time % Phy DF OF 
 1 Mike Green               Denis Grebeshkov         60     1   2  2  
 2 Lasse Kukkonen           Kevin Marshall           40     1   2  2  

4 vs 4 Forward 
   Center                   Wing                     Time % Phy DF OF 
 1 Rick Nash                Derick Brassard          60     1   2  2  
 2 Antoine Roussel          Tyler Johnson            40     1   2  2  

4 vs 4 Defense
   Defense                  Defense                  Time % Phy DF OF 
 1 Mike Green               Denis Grebeshkov         60     1   2  2  
 2 Lasse Kukkonen           Kevin Marshall           40     1   2  2  

Last Minutes Offensive
   Center                   Left Wing                Right Wing               Defense                  Defense                  
   Derick Brassard          Antoine Roussel          Rick Nash                Mike Green               Denis Grebeshkov         

Last Minutes Defensive
   Center                   Left Wing                Right Wing               Defense                  Defense                  
   Derick Brassard          Antoine Roussel          Rick Nash                Mike Green               Denis Grebeshkov         

Goaltenders
Starting : Jimmy Howard             
Backup : Al Montoya               

Extra Forwards
Normal : Peter Regin, Tomas Fleischmann, Cam Janssen - PP : Peter Regin, Tomas Fleischmann - PK : Cam Janssen
Extra Defensemen
Normal : Dalton Prout, Hampus Lindholm, Lasse Kukkonen - PP : Dalton Prout - PK : Hampus Lindholm, Lasse Kukkonen
Penalty Shots
Rick Nash, Derick Brassard, Antoine Roussel, Tyler Johnson, Bobby Ryan

Scratches
Craig Cunningham (Healthy), Joni Pitkanen (Left Leg Injury), Mason Raymond (Sprained Left Knee Injury)

% Time on Ice - Rangers

Lines # - Real PCT - Wanted PCT - Time Play
Normal Forward
1 - 31% - 40% - 13:49
2 - 29% - 30% - 12:53
3 - 22% - 20% - 9:56
4 - 17% - 10% - 7:34
Normal Defense
1 - 37% - 40% - 16:09
2 - 31% - 30% - 13:35
3 - 27% - 20% - 11:46
4 - 6% - 10% - 2:42
PP Forward
1 - 59% - 60% - 8:07
2 - 41% - 40% - 5:42
PP Defense
1 - 53% - 60% - 7:22
2 - 47% - 40% - 6:27
PK Forward
1 - 63% - 60% - 1:15
2 - 37% - 40% - 0:44
PK Defense
1 - 75% - 60% - 1:29
2 - 25% - 40% - 0:30
PK3 Forward
1 - 0% - 60%
2 - 0% - 40%
PK3 Defense
1 - 0% - 60%
2 - 0% - 40%
44 Forward
1 - 0% - 60%
2 - 0% - 40%
44 Defense
1 - 0% - 60%
2 - 0% - 40%
Last Minute Offensive  - 0:00
Last Minute Defensive  - 0:00
Total
Forward - 60:00
Defense - 60:00

% Time on Ice - Blackhawks

Lines # - Real PCT - Wanted PCT - Time Play
Normal Forward
1 - 32% - 40% - 14:09
2 - 26% - 30% - 11:28
3 - 24% - 20% - 10:39
4 - 18% - 10% - 7:56
Normal Defense
1 - 39% - 40% - 17:05
2 - 35% - 30% - 15:31
3 - 24% - 20% - 10:25
4 - 3% - 10% - 1:11
PP Forward
1 - 53% - 60% - 1:03
2 - 47% - 40% - 0:56
PP Defense
1 - 66% - 60% - 1:19
2 - 34% - 40% - 0:40
PK Forward
1 - 72% - 60% - 9:55
2 - 28% - 40% - 3:54
PK Defense
1 - 64% - 60% - 8:48
2 - 36% - 40% - 5:01
PK3 Forward
1 - 0% - 60%
2 - 0% - 40%
PK3 Defense
1 - 0% - 60%
2 - 0% - 40%
44 Forward
1 - 0% - 60%
2 - 0% - 40%
44 Defense
1 - 0% - 60%
2 - 0% - 40%
Last Minute Offensive  - 0:00
Last Minute Defensive  - 0:00
Total
Forward - 60:00
Defense - 60:00

Play-by-Play

1st period


0:01 of 1st period - Patrice Bergeron wins face-off versus Derick Brassard in neutral zone.
0:12 of 1st period - Slapshot by Mike Green.
0:12 of 1st period - Deflect By Antoine Roussel.
0:12 of 1st period - Stopped by Frederik Andersen with a rebound.
0:14 of 1st period - Slapshot by Mike Green.
0:14 of 1st period - Shot Blocked by Luke Schenn.
0:16 of 1st period - Slapshot by Mike Green.
0:16 of 1st period - Deflect By Derick Brassard.
0:16 of 1st period - Shot Blocked by Cam Barker.
0:16 of 1st period - Puck is out of play.
0:17 of 1st period - Tyler Johnson wins face-off versus Stephen Weiss in Rangers zone.
0:18 of 1st period - Slapshot by Chris Kreider.
0:18 of 1st period - Shot Blocked by Mark Fistric.
0:20 of 1st period - Slapshot by Lasse Kukkonen.
0:20 of 1st period - Deflect By Mark Fistric.
0:20 of 1st period - Stopped by Frederik Andersen with a rebound.
0:22 of 1st period - Wrist shot by Tyler Johnson.
0:22 of 1st period - Stopped by Frederik Andersen with a rebound.
0:24 of 1st period - Snap shot by Bobby Ryan.
0:24 of 1st period - Stopped by Frederik Andersen without a rebound.
0:25 of 1st period - Stephen Weiss wins face-off versus Tyler Johnson in Rangers zone.
0:32 of 1st period - Snap shot by James Neal.
0:32 of 1st period - Stopped by Jimmy Howard without a rebound.
0:33 of 1st period - Sean Couturier wins face-off versus Peter Regin in Blackhawks zone.
0:38 of 1st period - Wrist shot by Sean Couturier.
0:38 of 1st period - Stopped by Jimmy Howard without a rebound.
0:39 of 1st period - Sean Couturier wins face-off versus Cam Janssen in Blackhawks zone.
0:53 of 1st period - Wrist shot by Matt Read.
0:53 of 1st period - Stopped by Jimmy Howard without a rebound.
0:54 of 1st period - Zac Rinaldo wins face-off versus Gustav Nyquist in Blackhawks zone.
1:21 of 1st period - Icing by Denis Grebeshkov.
1:22 of 1st period - Derick Brassard wins face-off versus Stephen Weiss in Blackhawks zone.
1:47 of 1st period - Slapshot by Derick Brassard.
1:47 of 1st period - Shot Misses the Net.
1:49 of 1st period - Wrist shot by Antoine Roussel.
1:49 of 1st period - Shot Misses the Net.
1:51 of 1st period - Slapshot by Rick Nash.
1:51 of 1st period - Goal by Rick Nash - Rangers : 0 - Blackhawks : 1.
1:52 of 1st period - Tyler Johnson wins face-off versus Milan Lucic in neutral zone.
2:15 of 1st period - Minor Penalty to Tyler Johnson for Hooking.
2:16 of 1st period - Patrice Bergeron wins face-off versus Rick Nash in Blackhawks zone.
2:17 of 1st period - Snap shot by Milan Lucic.
2:17 of 1st period - Stopped by Jimmy Howard without a rebound.
2:18 of 1st period - Rick Nash wins face-off versus Patrice Bergeron in Blackhawks zone.
2:55 of 1st period - Slapshot by James Neal.
2:55 of 1st period - Shot Misses the Net.
4:15 of 1st period - Penalty to Tyler Johnson is over, Tyler Johnson is back on ice.
4:31 of 1st period - Snap shot by Chris Kreider.
4:31 of 1st period - Shot Misses the Net.
4:33 of 1st period - Wrist shot by Carl Hagelin.
4:33 of 1st period - Stopped by Frederik Andersen with a rebound.
5:15 of 1st period - Tyler Johnson is hit by Milan Lucic and loses puck.
5:25 of 1st period - Icing by Ryan Suter.
5:26 of 1st period - Derick Brassard wins face-off versus Stephen Weiss in Rangers zone.
5:27 of 1st period - Wrist shot by Rick Nash.
5:27 of 1st period - Stopped by Frederik Andersen without a rebound.
5:28 of 1st period - Derick Brassard wins face-off versus Stephen Weiss in Rangers zone.
6:24 of 1st period - Wrist shot by Chris Bourque.
6:24 of 1st period - Stopped by Jimmy Howard without a rebound.
6:25 of 1st period - Derick Brassard wins face-off versus Patrice Bergeron in Blackhawks zone.
6:25 of 1st period - Derick Brassard is hit by Jakob Silfverberg.
7:31 of 1st period - Luke Schenn is hit by Zac Rinaldo and loses puck.
8:02 of 1st period - Cam Barker is hit by Rick Nash and loses puck.
8:21 of 1st period - Chris Kreider is hit by Matt Read and loses puck.
9:00 of 1st period - Snap shot by Denis Grebeshkov.
9:00 of 1st period - Stopped by Frederik Andersen with a rebound.
9:02 of 1st period - Snap shot by Denis Grebeshkov.
9:02 of 1st period - Stopped by Frederik Andersen without a rebound.
9:03 of 1st period - Derick Brassard wins face-off versus Artem Anisimov in Rangers zone.
9:22 of 1st period - Snap shot by Bobby Ryan.
9:22 of 1st period - Stopped by Frederik Andersen with a rebound.
9:24 of 1st period - Minor Penalty to Alex Tanguay for Cross-checking.
9:25 of 1st period - Antoine Roussel wins face-off versus Milan Lucic in Rangers zone.
11:24 of 1st period - Penalty to Alex Tanguay is over, Alex Tanguay is back on ice.
12:16 of 1st period - Patrice Bergeron is hit by Peter Regin.
13:08 of 1st period - Antoine Roussel is hit by Sean Couturier and loses puck.
13:30 of 1st period - James Neal is hit by Zac Rinaldo and loses puck.
13:51 of 1st period - Mark Fistric is hit by Derick Brassard and loses puck.
14:33 of 1st period - Luke Schenn is hit by Antoine Roussel and loses puck.
15:51 of 1st period - Wrist shot by Zac Rinaldo.
15:51 of 1st period - Stopped by Frederik Andersen with a rebound.
15:57 of 1st period - Wrist shot by Carl Hagelin.
15:57 of 1st period - Stopped by Frederik Andersen without a rebound.
15:58 of 1st period - Sean Couturier wins face-off versus Rick Nash in Rangers zone.
15:58 of 1st period - Sean Couturier is hit by Rick Nash.
16:18 of 1st period - Matt Read is hit by Antoine Roussel and loses puck.
17:24 of 1st period - Gustav Nyquist is hit by Carl Hagelin and loses puck.
17:37 of 1st period - Ryan Suter is hit by Bobby Ryan and loses puck.
17:58 of 1st period - Slapshot by Ryan Suter.
17:58 of 1st period - Deflect By Chris Bourque.
17:58 of 1st period - Stopped by Jimmy Howard with a rebound.
18:06 of 1st period - Ryan Suter is hit by Kevin Marshall and loses puck.
18:17 of 1st period - Ryan Suter is hit by Cam Janssen.
18:23 of 1st period - Slapshot by Chris Bourque.
18:23 of 1st period - Stopped by Jimmy Howard without a rebound.
18:24 of 1st period - Stephen Weiss wins face-off versus Peter Regin in Blackhawks zone.
18:25 of 1st period - Wrist shot by James Neal.
18:25 of 1st period - Shot Blocked by Hampus Lindholm.
18:35 of 1st period - Snap shot by Stephen Weiss.
18:35 of 1st period - Shot Misses the Net.
19:34 of 1st period - Icing by Mike Green.
19:35 of 1st period - Patrice Bergeron wins face-off versus Peter Regin in Blackhawks zone.
19:46 of 1st period - Wrist shot by Tomas Fleischmann.
19:46 of 1st period - Shot Blocked by Jakob Silfverberg.
19:48 of 1st period - Snap shot by Cam Janssen.
19:48 of 1st period - Shot Misses the Net.
19:50 of 1st period - Snap shot by Cam Janssen.
19:50 of 1st period - Shot Blocked by Cam Barker.
19:52 of 1st period - Snap shot by Cam Janssen.
19:52 of 1st period - Goal by Cam Janssen - Rangers : 0 - Blackhawks : 2.
19:53 of 1st period - Patrice Bergeron wins face-off versus Derick Brassard in neutral zone.
Goals for this period are 0 for Rangers vs 2 for Blackhawks.
Shots for this period are 7 for Rangers vs 13 for Blackhawks.

2nd period


0:01 of 2nd period - Derick Brassard wins face-off versus Patrice Bergeron in neutral zone.
0:06 of 2nd period - Slapshot by Mike Green.
0:06 of 2nd period - Stopped by Frederik Andersen without a rebound.
0:07 of 2nd period - Patrice Bergeron wins face-off versus Derick Brassard in Rangers zone.
0:21 of 2nd period - Cam Barker is hit by Derick Brassard and loses puck.
0:58 of 2nd period - Snap shot by Antoine Roussel.
0:58 of 2nd period - Shot Misses the Net.
1:00 of 2nd period - Slapshot by Denis Grebeshkov.
1:00 of 2nd period - Stopped by Frederik Andersen with a rebound.
2:32 of 2nd period - Wrist shot by Antoine Roussel.
2:32 of 2nd period - Deflect By Derick Brassard.
2:32 of 2nd period - Shot Blocked by Milan Lucic.
2:32 of 2nd period - Puck is out of play.
2:33 of 2nd period - Tyler Johnson wins face-off versus Stephen Weiss in Rangers zone.
2:34 of 2nd period - Wrist shot by Chris Kreider.
2:34 of 2nd period - Shot Misses the Net.
2:36 of 2nd period - Snap shot by Tyler Johnson.
2:36 of 2nd period - Goal by Tyler Johnson - Rangers : 0 - Blackhawks : 3.
2:37 of 2nd period - Tyler Johnson wins face-off versus Stephen Weiss in neutral zone.
2:40 of 2nd period - Slapshot by Lasse Kukkonen.
2:40 of 2nd period - Shot Misses the Net.
3:04 of 2nd period - Peter Regin is hit by Ryan Suter and loses puck.
3:35 of 2nd period - Wrist shot by Lasse Kukkonen.
3:35 of 2nd period - Shot Misses the Net.
3:37 of 2nd period - Snap shot by Zac Rinaldo.
3:37 of 2nd period - Shot Misses the Net.
4:58 of 2nd period - Patrik Nemeth is hit by Tyler Johnson and loses puck.
5:09 of 2nd period - Denis Grebeshkov is hit by Stephen Weiss and loses puck.
5:36 of 2nd period - Tomas Fleischmann is hit by Matt Read.
7:50 of 2nd period - Milan Lucic is hit by Denis Grebeshkov.
8:59 of 2nd period - Minor Penalty to Chris Kreider for High sticking.
9:00 of 2nd period - Rick Nash wins face-off versus Patrice Bergeron in Blackhawks zone.
9:09 of 2nd period - Patrice Bergeron is hit by Denis Grebeshkov and loses puck.
9:15 of 2nd period - Icing by Cam Barker.
9:16 of 2nd period - Patrice Bergeron wins face-off versus Rick Nash in Rangers zone.
9:37 of 2nd period - Snap shot by Milan Lucic.
9:37 of 2nd period - Stopped by Jimmy Howard with a rebound.
9:39 of 2nd period - Slapshot by Milan Lucic.
9:39 of 2nd period - Shot Misses the Net.
9:41 of 2nd period - Wrist shot by Milan Lucic.
9:41 of 2nd period - Stopped by Jimmy Howard without a rebound.
9:42 of 2nd period - Rick Nash wins face-off versus Stephen Weiss in Blackhawks zone.
9:53 of 2nd period - Snap shot by James Neal.
9:53 of 2nd period - Shot Misses the Net.
10:06 of 2nd period - Icing by Ryan Suter.
10:07 of 2nd period - Patrice Bergeron wins face-off versus Antoine Roussel in Rangers zone.
10:16 of 2nd period - Slapshot by Jakob Silfverberg.
10:16 of 2nd period - Shot Blocked by Mike Green.
10:18 of 2nd period - Slapshot by Jakob Silfverberg.
10:18 of 2nd period - Shot Misses the Net.
10:20 of 2nd period - Slapshot by Ryan Suter.
10:20 of 2nd period - Shot Misses the Net.
10:22 of 2nd period - Backhand shot by Mark Fistric.
10:22 of 2nd period - Shot Blocked by Antoine Roussel.
10:34 of 2nd period - Alex Tanguay is hit by Mike Green.
10:59 of 2nd period - Penalty to Chris Kreider is over, Chris Kreider is back on ice.
11:11 of 2nd period - Backhand shot by Peter Regin.
11:11 of 2nd period - Shot Misses the Net.
12:12 of 2nd period - Wrist shot by Rick Nash.
12:12 of 2nd period - Stopped by Frederik Andersen without a rebound.
12:13 of 2nd period - Peter Regin wins face-off versus Patrice Bergeron in Rangers zone.
12:16 of 2nd period - Backhand shot by Peter Regin.
12:16 of 2nd period - Shot Blocked by Jakob Silfverberg.
12:24 of 2nd period - Wrist shot by Patrice Bergeron.
12:24 of 2nd period - Deflect By Jakob Silfverberg.
12:24 of 2nd period - Shot Misses the Net.
12:24 of 2nd period - Puck is out of play.
12:25 of 2nd period - Derick Brassard wins face-off versus Stephen Weiss in Blackhawks zone.
12:25 of 2nd period - Derick Brassard is hit by Alex Tanguay.
12:35 of 2nd period - Snap shot by James Neal.
12:35 of 2nd period - Shot Blocked by Kevin Marshall.
13:01 of 2nd period - Minor Penalty to Lasse Kukkonen for Hooking.
13:02 of 2nd period - Rick Nash wins face-off versus Patrice Bergeron in Blackhawks zone.
13:17 of 2nd period - Wrist shot by Jakob Silfverberg.
13:17 of 2nd period - Stopped by Jimmy Howard with a rebound.
13:19 of 2nd period - Backhand shot by Jakob Silfverberg.
13:19 of 2nd period - Stopped by Jimmy Howard without a rebound.
13:20 of 2nd period - Stephen Weiss wins face-off versus Rick Nash in Blackhawks zone.
13:56 of 2nd period - Off-side.
13:57 of 2nd period - Patrice Bergeron wins face-off versus Antoine Roussel in neutral zone.
14:23 of 2nd period - Snap shot by Rick Nash.
14:23 of 2nd period - Stopped by Frederik Andersen with a rebound.
15:01 of 2nd period - Penalty to Lasse Kukkonen is over, Lasse Kukkonen is back on ice.
15:13 of 2nd period - Snap shot by Rick Nash.
15:13 of 2nd period - Shot Blocked by Chris Bourque.
15:35 of 2nd period - Snap shot by Tomas Fleischmann.
15:35 of 2nd period - Shot Misses the Net.
15:37 of 2nd period - Slapshot by Cam Janssen.
15:37 of 2nd period - Stopped by Frederik Andersen without a rebound.
15:38 of 2nd period - Tyler Johnson wins face-off versus Artem Anisimov in Rangers zone.
15:53 of 2nd period - Snap shot by Bobby Ryan.
15:53 of 2nd period - Shot Misses the Net.
16:07 of 2nd period - Snap shot by Milan Lucic.
16:07 of 2nd period - Stopped by Jimmy Howard without a rebound.
16:08 of 2nd period - Alex Tanguay wins face-off versus Tyler Johnson in Blackhawks zone.
16:42 of 2nd period - Slapshot by Antoine Roussel.
16:42 of 2nd period - Goal by Antoine Roussel - Rangers : 0 - Blackhawks : 4.
16:43 of 2nd period - Derick Brassard wins face-off versus Patrice Bergeron in neutral zone.
17:14 of 2nd period - Alex Tanguay is hit by Tyler Johnson and loses puck.
17:31 of 2nd period - Mark Fistric is hit by Denis Grebeshkov and loses puck.
17:54 of 2nd period - Wrist shot by Zac Rinaldo.
17:54 of 2nd period - Stopped by Frederik Andersen without a rebound.
17:55 of 2nd period - Patrice Bergeron wins face-off versus Zac Rinaldo in Rangers zone.
19:35 of 2nd period - Snap shot by Chris Bourque.
19:35 of 2nd period - Stopped by Jimmy Howard without a rebound.
19:36 of 2nd period - Derick Brassard wins face-off versus Patrice Bergeron in Blackhawks zone.
19:59 of 2nd period - Minor Penalty to Rick Nash for Hooking.
Goals for this period are 0 for Rangers vs 2 for Blackhawks.
Shots for this period are 6 for Rangers vs 8 for Blackhawks.

3rd period


0:01 of 3rd period - Patrice Bergeron wins face-off versus Cam Janssen in neutral zone.
0:08 of 3rd period - Slapshot by Patrice Bergeron.
0:08 of 3rd period - Stopped by Jimmy Howard with a rebound.
0:28 of 3rd period - Stephen Weiss is hit by Tyler Johnson.
1:08 of 3rd period - Lasse Kukkonen is hit by Alex Tanguay and loses puck.
1:59 of 3rd period - Penalty to Rick Nash is over, Rick Nash is back on ice.
2:18 of 3rd period - Snap shot by Derick Brassard.
2:18 of 3rd period - Stopped by Frederik Andersen with a rebound.
2:20 of 3rd period - Slapshot by Dalton Prout.
2:20 of 3rd period - Shot Blocked by Cam Barker.
2:40 of 3rd period - Matt Read is hit by Rick Nash and loses puck.
3:24 of 3rd period - Snap shot by Derick Brassard.
3:24 of 3rd period - Stopped by Frederik Andersen without a rebound.
3:25 of 3rd period - Tyler Johnson wins face-off versus Patrice Bergeron in Rangers zone.
4:04 of 3rd period - James Neal is hit by Zac Rinaldo.
8:31 of 3rd period - Cam Barker is hit by Denis Grebeshkov and loses puck.
9:42 of 3rd period - Sean Couturier is hit by Carl Hagelin and loses puck.
10:19 of 3rd period - Double Minor Penalty to Daniel Cleary for Roughing.
10:20 of 3rd period - Rick Nash wins face-off versus Patrice Bergeron in Blackhawks zone.
10:20 of 3rd period - Rick Nash is hit by Luke Schenn.
11:59 of 3rd period - Lasse Kukkonen is hit by Jakob Silfverberg and loses puck.
12:19 of 3rd period - Mike Green is hit by Luke Schenn and loses puck.
12:44 of 3rd period - Wrist shot by Denis Grebeshkov.
12:44 of 3rd period - Stopped by Frederik Andersen without a rebound.
12:45 of 3rd period - Matt Read wins face-off versus Cam Janssen in Rangers zone.
12:52 of 3rd period - Snap shot by Chris Bourque.
12:52 of 3rd period - Shot Misses the Net.
12:54 of 3rd period - Wrist shot by Gustav Nyquist.
12:54 of 3rd period - Stopped by Jimmy Howard with a rebound.
12:56 of 3rd period - Wrist shot by Chris Bourque.
12:56 of 3rd period - Shot Misses the Net.
12:58 of 3rd period - Snap shot by Ryan Suter.
12:58 of 3rd period - Stopped by Jimmy Howard without a rebound.
12:59 of 3rd period - Rick Nash wins face-off versus Milan Lucic in Blackhawks zone.
13:10 of 3rd period - Patrice Bergeron is hit by Rick Nash and loses puck.
13:21 of 3rd period - Milan Lucic is hit by Rick Nash.
13:27 of 3rd period - Derick Brassard is hit by Mark Fistric and loses puck.
14:19 of 3rd period - Penalty to Daniel Cleary is over, Daniel Cleary is back on ice.
14:38 of 3rd period - Wrist shot by Chris Bourque.
14:38 of 3rd period - Goal by Chris Bourque - Rangers : 1 - Blackhawks : 4.
14:39 of 3rd period - Tyler Johnson wins face-off versus Stephen Weiss in neutral zone.
14:56 of 3rd period - Wrist shot by Tyler Johnson.
14:56 of 3rd period - Goal by Tyler Johnson - Rangers : 1 - Blackhawks : 5.
14:57 of 3rd period - Derick Brassard wins face-off versus Patrice Bergeron in neutral zone.
15:00 of 3rd period - Slapshot by Denis Grebeshkov.
15:00 of 3rd period - Shot Blocked by Cam Barker.
15:06 of 3rd period - Derick Brassard is hit by Patrice Bergeron.
15:10 of 3rd period - Patrice Bergeron is hit by Mike Green and loses puck.
15:23 of 3rd period - Luke Schenn is hit by Denis Grebeshkov and loses puck.
15:34 of 3rd period - Slapshot by Chris Kreider.
15:34 of 3rd period - Shot Misses the Net.
16:07 of 3rd period - Snap shot by Milan Lucic.
16:07 of 3rd period - Shot Blocked by Kevin Marshall.
16:09 of 3rd period - Slapshot by Milan Lucic.
16:09 of 3rd period - Goal by Milan Lucic - Rangers : 2 - Blackhawks : 5.
16:10 of 3rd period - Patrice Bergeron wins face-off versus Derick Brassard in neutral zone.
16:17 of 3rd period - Wrist shot by Rick Nash.
16:17 of 3rd period - Stopped by Frederik Andersen with a rebound.
16:19 of 3rd period - Slapshot by Denis Grebeshkov.
16:19 of 3rd period - Shot Blocked by Ryan Suter.
16:21 of 3rd period - Wrist shot by Rick Nash.
16:21 of 3rd period - Stopped by Frederik Andersen with a rebound.
16:23 of 3rd period - Snap shot by Rick Nash.
16:23 of 3rd period - Stopped by Frederik Andersen without a rebound.
16:24 of 3rd period - Patrice Bergeron wins face-off versus Derick Brassard in Rangers zone.
17:14 of 3rd period - Wrist shot by Chris Bourque.
17:14 of 3rd period - Goal by Chris Bourque - Rangers : 3 - Blackhawks : 5.
17:15 of 3rd period - Peter Regin wins face-off versus Sean Couturier in neutral zone.
17:29 of 3rd period - Wrist shot by Matt Read.
17:29 of 3rd period - Shot Misses the Net.
17:31 of 3rd period - Slapshot by Mark Fistric.
17:31 of 3rd period - Shot Misses the Net.
17:48 of 3rd period - Wrist shot by Derick Brassard.
17:48 of 3rd period - Shot Blocked by Ryan Suter.
17:50 of 3rd period - Wrist shot by Derick Brassard.
17:50 of 3rd period - Stopped by Frederik Andersen with a rebound.
18:05 of 3rd period - Minor Penalty to Chris Kreider for Hooking.
18:06 of 3rd period - Rick Nash wins face-off versus Patrice Bergeron in Blackhawks zone.
18:41 of 3rd period - Slapshot by Denis Grebeshkov.
18:41 of 3rd period - Shot Blocked by James Neal.
18:47 of 3rd period - Tyler Johnson is hit by Alex Tanguay and loses puck.
19:24 of 3rd period - Jakob Silfverberg is hit by Tomas Fleischmann and loses puck.
Goals for this period are 3 for Rangers vs 1 for Blackhawks.
Shots for this period are 6 for Rangers vs 8 for Blackhawks.